 Dungeon Crawl Stone Soup version 0.16-a0-4113-g7d8e295 (webtiles) character file.

441 MDvedh the Slicer (level 7, 0/45 HPs)
             Began as a Halfling Berserker on Feb 28, 2015.
             Was a Priest of Trog.
             Shot with an arrow by a centaur (7 damage)
             ... on level 5 of the Dungeon.
             The game lasted 00:14:57 (4029 turns).

MDvedh the Slicer (Halfling Berserker)              Turns: 4029, Time: 00:14:58

Health: 0/45       AC: 11    Str: 17    XL:     7   Next: 22%
Magic:  7/7        EV: 10    Int:  6    God:    Trog [***...]
Gold:   157        SH:  0    Dex: 16    Spells: 0 memorised, 6 levels left

rFire  . . .     SeeInvis .     a - +2 short sword (holy)
rCold  . . .     Clarity  .     q - +0 chain mail
rNeg   . . .     SustAb   .     (no shield)
rPois  .         Gourm    .     h - +0 helmet
rElec  .         Spirit   .     (no cloak)
rCorr  .         Warding  .     m - +1 pair of gloves
rMut   .         Stasis   .     (no boots)
MR     ++...                    (no amulet)
Stlth  ..........               (no ring)
                                (no ring)

@: exhausted, regenerating, slowed, very slow, very resistant to hostile
enchantments, extremely unstealthy
A: mutation resistance 1
a: Burn Spellbooks, Berserk, Trog's Hand, Renounce Religion


You were on level 5 of the Dungeon.
You worshipped Trog.
Trog was most pleased with you.
You were near starving.

You visited 1 branch of the dungeon, and saw 5 of its levels.

You collected 157 gold pieces.

Inventory:

Hand weapons
 a - a +2 short sword of holy wrath (weapon)
 b - a +2 hunting sling of freezing
 c - a +1 dagger of venom
Missiles
 f - 12 stones (quivered)
Armour
 h - a +0 helmet (worn)
 m - a +1 pair of gloves (worn)
 q - a +0 chain mail (worn)
Jewellery
 j - an uncursed ring of wizardry {unknown}
Magical devices
 n - a wand of magic darts (22)
Scrolls
 g - 3 scrolls of enchant armour
Potions
 d - 2 potions of restore abilities
 i - 2 potions of brilliance
Comestibles
 k - a meat ration
 l - a beef jerky
 o - a bread ration


   Skills:
 - Level 2.6 Fighting
 + Level 10.0 Short Blades
 - Level 2.1 Armour
 - Level 2.1 Dodging


You had 6 spell levels left.
You didn't know any spells.

Dungeon Overview and Level Annotations

Branches:
Dungeon (5/15)
 Temple: D:4-7

Altars:
Trog
Yredelemnul


Innate Abilities, Weirdness & Mutations

You are small and have problems with some larger weapons.
You are somewhat resistant to further mutation.


Message History

The jackal barks!
The centaur shoots an arrow.
The arrow closely misses you.
A shadow imp and a zombie come into view.
Unknown command.
The shadow imp shouts, "Admit defeat, thou villainous elf-skinned snacklet!"
The centaur shoots an arrow.
The arrow hits you but does no damage.
The giant gecko zombie moves out of view.
The centaur shoots an arrow.
The arrow misses you. The jackal barely misses you.
A jackal and an orc come into view.
There is an open door here.
You see here 2 arrows.
Unknown command.
The orc shouts!
The jackal barks!
The jackal misses you. The jackal completely misses you.
An orc comes into view. It is wielding a mace.
Unknown command.
The orc shouts!
The centaur shoots an arrow.
The arrow hits you!
You die...

#... #......
#...o..
#....o
#..h.#
#....#
#.5..#
#....+
#@.h.# .
###(###.....
#(.(.....c..
#......c...#
#....##....
#....# ...
#....+ ..
#....#
###+## #.


You could see a centaur, a shadow imp, 2 orcs and 2 jackals.

Vanquished Creatures
  An ogre (D:4)
  A gnoll sergeant (D:5)
  A jelly (D:5)
  3 orc wizards (D:4)
  An iguana (D:4)
  Ijyb (D:2)
  A gnoll (D:5)
  5 adders
  A giant mite (D:4)
  3 worms
  2 adder skeletons
  2 giant geckos (D:1)
  An ooze (D:4)
  5 orcs
  2 ball pythons
  A bat skeleton (D:4)
  4 giant cockroaches
  3 goblins
  5 hobgoblins
  3 jackals (D:3)
  A quokka (D:2)
  5 bats
  6 giant newts
  6 kobolds
  13 rats
77 creatures vanquished.

Vanquished Creatures (others)
  A wizard (D:4)
1 creature vanquished.

Grand Total: 78 creatures vanquished

Notes
Turn   | Place    | Note
--------------------------------------------------------------
     0 | D:1      | MDvedh, the Halfling Berserker, began the quest for the Orb.
     0 | D:1      | Reached XP level 1. HP: 15/15 MP: 1/1
   243 | D:1      | Reached XP level 2. HP: 12/20 MP: 2/2
   838 | D:1      | Reached skill level 5 in Short Blades
  1045 | D:2      | Reached XP level 3. HP: 25/25 MP: 3/3
  1561 | D:2      | Noticed Ijyb
  1575 | D:2      | Killed Ijyb
  1575 | D:2      | Acquired Trog's second power
  1575 | D:2      | Reached skill level 6 in Short Blades
  1575 | D:2      | Reached XP level 4. HP: 7/30 MP: 4/4
  2461 | D:3      | Reached skill level 7 in Short Blades
  2461 | D:3      | Reached XP level 5. HP: 35/35 MP: 5/5
  2999 | D:4      | Reached skill level 8 in Short Blades
  3218 | D:4      | Reached XP level 6. HP: 32/41 MP: 6/6
  3654 | D:4      | Found a bloodstained altar of Trog.
  3657 | D:4      | Noticed a wizard
  3662 | D:4      | Killed a wizard
  3791 | D:4      | Noticed an ogre
  3801 | D:4      | Killed an ogre
  3801 | D:4      | Reached skill level 9 in Short Blades
  3939 | D:5      | Entered Level 5 of the Dungeon
  3942 | D:5      | Reached XP level 7. HP: 45/45 MP: 7/7
  3969 | D:5      | Found a basalt altar of Yredelemnul.
  4006 | D:5      | Reached skill level 10 in Short Blades
  4025 | D:5      | HP: 2/45 [centaur/arrow (7)]
  4029 | D:5      | Shot with an arrow by a centaur

Action                   |  1- 3 |  4- 6 |  7- 9 || total
-------------------------+-------+-------+-------++-------
Melee: Short sword       |    88 |   252 |    12 ||   352
 Fire: Hunting sling     |    14 |    17 |       ||    31
Throw: Stone             |     5 |       |       ||     5
Invok: Berserk           |     3 |     2 |     1 ||     6
       Trog's Hand       |       |       |     1 ||     1
  Use: Scroll            |       |    10 |     2 ||    12
 Stab: Sleeping          |     2 |       |       ||     2
  Eat: Chunk             |     1 |     4 |       ||     5
       Bread ration      |     1 |       |       ||     1
       Meat ration       |       |     1 |       ||     1
